Map: Flooded City

Players

forSCIENCE - Winner!

  • Race: Terran Terran
  • Spawn Location: 12:00

NavinJohnson - Winner!

  • Race: Protoss Protoss
  • Spawn Location: 12:00

MonstroTown

  • Race: Terran Terran
  • Spawn Location: 6:00

Michael

  • Race: Zerg Zerg
  • League: Gold
  • Spawn Location: 6:00

VOD

Have the link to the VOD?

Description

Time

  • Played on: Oct. 6, 2018, 5:38 p.m.
  • Length: 14:31
Show
View Real Time Build Order
Export as new Build Order

forSCIENCE Terran - Winner!

Build Orders: MMM Bio 

Get SALT Encoding   

  12  0:01  SCV  
  13  0:13  SCV  
  14  0:25  SCV  
  15  0:35  Supply Depot  
  15  0:46  Refinery  
  15  0:56  SCV  
  16  1:02  Barracks  
  16  1:07  Refinery  
  16  1:08  SCV  
  17  1:21  SCV  
  18  1:33  SCV  
  19  1:50  Factory  
  19  1:51  Barracks Reactor  
  19  1:52  Orbital Command  
  19  2:19  SCV  
  19  2:20  Command Center  
  20  2:31  SCV  
  21  2:43  SCV  
  22  2:45  Supply Depot  
  22  2:58  SCV  
  23  3:07  Cyclone x2, Reaper  
  23  3:10  SCV  
  31  3:32  SCV  
  32  3:46  SCV  
  33  3:51  Cyclone x2  
  40  3:57  Orbital Command  
  40  3:59  SCV  
  41  4:02  Supply Depot  
  41  4:04  Barracks Tech Lab  
  40  4:11  Barracks  
  40  4:12  SCV  
  40  4:14  Factory  
  40  4:16  Barracks  
  41  4:22  Orbital Command  
  41  4:25  SCV  
  42  4:35  Marine  
  42  4:36  Stimpack  
  42  4:38  Widow Mine x2  
  47  4:39  SCV  
  48  4:51  SCV  
  49  5:01  Barracks Reactor  
  49  5:03  Refinery, Factory Reactor  
  49  5:04  Refinery  
  49  5:06  Barracks Reactor  
  49  5:08  Starport  
  49  5:11  Supply Depot  
  49  5:13  SCV x2  
  51  5:17  Widow Mine  
  53  5:22  Supply Depot  
  53  5:26  Supply Depot  
  53  5:32  Engineering Bay, SCV  
  53  5:33  Widow Mine  
  58  5:43  Marine x3  
  58  5:44  Marine x2  
  61  5:55  Medivac x2  
  65  5:57  Factory Tech Lab  
  65  5:59  Terran Infantry Weapons Level 1  
  65  6:01  Marine  
  65  6:03  Missile Turret x2  
  66  6:08  Marine x3  
  66  6:09  Marine  
  66  6:10  Missile Turret  
  70  6:20  SCV  
  70  6:22  Missile Turret  
  71  6:31  Marauder, Marine x4  
  77  6:49  Marine  
  78  7:19  Supply Depot  
  78  7:21  Siege Tank, Supply Depot, Marine x5  
  86  7:26  Combat Shield  
  86  7:40  Marine x2  
  86  7:41  Marauder, Medivac x2  
  91  8:02  Siege Tank  
  94  8:09  Sensor Tower  
  86  8:31  Command Center  
  82  8:34  Siege Tank  
  81  9:02  Widow Mine x2  
  83  9:03  Infernal Pre-Igniter  
  83  9:05  SCV x2, Marine x3  
  83  9:06  Marauder, Marine  
  83  9:07  Widow Mine  
  83  9:09  Engineering Bay  
  93  9:14  Viking  
  95  9:23  Marine x2  
  97  9:38  Marauder, Marine x2  
  99  9:41  Marine  
  99  9:42  Marine  
  103  9:52  SCV x2  
  105  9:56  Marine x2  
  105  9:59  Marine x2  
  109  10:00  Marine  
  110  10:14  Marine x2  
  58  10:47  Marauder, Marine x2  
  53  11:10  Marauder, Marine x3  
  53  11:11  Marine  
  59  11:13  Orbital Command  
  59  11:19  Siege Tank  
  59  11:20  Medivac x2  
  66  11:28  Marine x2  
  66  11:30  Marine  
  66  11:31  Marine  
  66  11:32  Marauder  
  72  11:33  Terran Infantry Armor Level 1  
  72  11:38  Armory, SCV  
  73  11:40  SCV  
  73  11:46  Refinery, Marine x2  
  76  11:47  Sensor Tower, Refinery  
  76  11:48  Marine  
  76  11:49  Marine  
  76  11:51  Siege Tank  
  76  11:53  Marauder  
  83  11:55  Barracks  
  83  12:03  Widow Mine x2, Marine  
  83  12:04  Marine  
  83  12:06  Marine  
  90  12:15  Marauder  
  92  12:20  Marine  
  92  12:21  Marine x2  
  95  12:23  Siege Tank  
  95  12:24  Marine  
  99  12:36  Marauder  
  99  12:38  Marine  
  99  12:47  Marine  
  99  12:48  Marine x2  
  87  12:56  Siege Tank, Marine  
  87  12:57  Marine  
  83  13:05  Marine x3  
  86  13:14  Marine  
  86  13:15  Marine  
  86  13:16  Barracks  
  86  13:18  Barracks  
  88  13:20  Barracks  
  88  13:23  Marine x3  
  91  13:28  Siege Tank  
  91  13:32  Marine x2  
  96  13:51  Marine x4  
  96  13:52  Marine  
  97  14:11  Marine x4  
Show
View Real Time Build Order
Export as new Build Order

NavinJohnson Protoss - Winner!

Build Orders: Oracle Opening 

Get SALT Encoding   

  1  0:00  Probe  
  13  0:16  Pylon  
  13  0:21  Probe  
  14  0:34  Probe  
  15  0:39  Gateway  
  15  0:46  Probe  
  16  0:59  Forge  
  16  1:01  Probe  
  16  1:05  Assimilator  
  16  1:10  Probe  
  17  1:18  Probe  
  17  1:20  Pylon  
  18  1:40  Cybernetics Core  
  18  1:43  Probe  
  19  1:51  Photon Cannon  
  19  1:57  Probe  
  20  2:09  Probe  
  21  2:21  Probe, Pylon  
  21  2:22  Assimilator  
  22  2:31  Probe, Stargate  
  23  2:39  Probe  
  24  2:52  Photon Cannon  
  24  3:05  Oracle  
  24  3:14  Pylon  
  27  3:47  Protoss Air Weapons Level 1  
  27  3:51  Void Ray  
  31  4:09  Pylon  
  31  4:19  Photon Cannon  
  31  4:57  Stargate  
  31  5:05  Fleet Beacon  
  31  5:10  Photon Cannon  
  31  5:22  Probe, Nexus  
  31  5:25  Assimilator  
  32  5:29  Assimilator  
  32  5:30  Probe  
  33  5:41  Protoss Air Armor Level 1  
  33  5:54  Probe  
  34  5:59  Carrier  
  40  6:40  Probe x2  
  40  6:45  Carrier  
  42  6:52  Probe x2  
  50  7:15  Carrier  
  50  7:17  Probe x2  
  52  7:29  Probe x2  
  60  7:51  Nexus  
  60  7:55  Pylon  
  60  7:58  Pylon  
  60  8:03  Carrier  
  66  8:18  Photon Cannon  
  66  8:19  Photon Cannon  
  66  8:21  Photon Cannon  
  66  8:41  Carrier  
  72  8:42  Stargate  
  72  8:54  Graviton Catapult  
  72  9:07  Assimilator  
  72  9:12  Assimilator  
  72  9:14  Carrier, Probe  
  72  9:15  Probe x2  
  75  9:26  Probe  
  75  9:27  Probe  
  83  9:40  Carrier  
  89  9:51  Probe x3  
  92  10:03  Probe  
  92  10:06  Carrier  
  99  11:00  Protoss Air Weapons Level 2  
  99  11:13  Protoss Shields Level 1  
  99  11:43  Carrier x3, Pylon  
  99  11:44  Pylon  
  99  11:46  Pylon  
  99  11:48  Pylon  
  99  11:59  Pylon  
  99  12:00  Pylon  
  117  12:58  Pylon  
  117  13:00  Pylon  
  117  13:01  Pylon  
Show
View Real Time Build Order
Export as new Build Order

MonstroTown Terran 

Build Orders:  

Get SALT Encoding   

  12  0:01  SCV  
  13  0:13  SCV  
  14  0:19  Supply Depot  
  14  0:25  SCV  
  15  0:40  SCV  
  15  0:42  Barracks  
  16  0:52  SCV  
  16  0:56  Barracks  
  17  1:04  SCV  
  17  1:10  Refinery  
  18  1:21  SCV  
  19  1:30  Marine  
  20  1:36  Supply Depot  
  20  1:39  Orbital Command  
  20  1:49  Barracks Tech Lab  
  20  1:53  Marine  
  22  2:08  SCV  
  22  2:12  Marine  
  23  2:18  Refinery  
  23  2:22  Factory  
  23  2:32  Marauder, Marine  
  26  2:53  Command Center  
  26  2:54  Marine  
  26  2:55  Marauder  
  29  3:01  Supply Depot  
  29  3:06  SCV  
  30  3:14  Marine  
  31  3:23  SCV  
  32  3:32  Factory Tech Lab  
  32  3:40  SCV  
  33  3:44  Starport  
  33  3:49  Engineering Bay  
  33  3:50  Marauder  
  35  4:00  Siege Tank  
  38  4:08  SCV  
  39  4:11  SCV  
  40  4:18  Missile Turret  
  40  4:22  Medivac  
  39  4:52  Marauder, Marine  
  40  4:54  Missile Turret  
  41  5:02  Orbital Command  
  41  5:11  SCV  
  42  5:32  Starport Reactor  
  42  5:34  SCV  
  42  5:35  Starport, SCV  
  44  5:39  Marine  
  44  5:40  Marauder  
  44  5:41  Terran Infantry Weapons Level 1  
  47  5:51  Engineering Bay  
  47  5:53  SCV x2  
  47  5:55  Barracks  
  49  5:57  Barracks  
  49  6:01  Supply Depot  
  49  6:03  Marine x2  
  51  6:14  Starport Reactor  
  51  6:20  Marine  
  52  6:33  SCV  
  52  6:34  SCV  
  52  6:39  Barracks Reactor  
  54  6:42  Refinery  
  54  6:43  Refinery  
  54  6:44  Viking x2  
  54  6:45  SCV  
  54  6:46  SCV  
  60  6:53  Armory  
  60  6:58  SCV  
  60  7:00  Barracks Reactor  
  52  7:17  Viking  
  52  7:19  Marine x4  
  58  7:24  Supply Depot  
  58  7:33  Viking  
  58  7:36  Marine  
  58  7:37  Marine  
  60  7:41  Marine x2  
  54  7:46  Marine x2  
  54  7:48  Siege Tank  
  59  8:00  Marauder  
  59  8:01  Marine x2  
  63  8:07  Missile Turret, Marine x3  
  63  8:08  SCV  
  63  8:10  Missile Turret  
  67  8:19  Marine x2  
  69  8:20  SCV  
  69  8:26  Supply Depot  
  70  8:27  Supply Depot  
  70  8:29  Supply Depot  
  70  8:44  Marine  
  70  8:45  SCV, Marine x2  
  70  8:46  Siege Tank, Medivac  
  69  9:00  Marine x2  
  69  9:01  Marine  
  69  9:02  Medivac  
  74  9:03  Marine x3  
  77  9:18  Marine x2  
  77  9:20  Terran Infantry Weapons Level 2, Barracks, Terran Infantry Armor Level 1  
  77  9:21  Barracks  
  79  9:30  Marine x2  
  81  9:34  Marine x2  
  83  9:43  Viking  
  83  9:44  Viking  
  87  9:56  Thor  
  87  9:58  Marine x2  
  86  10:45  Viking x2  
  86  10:49  Marine x4  
  94  10:59  Marine x2  
  96  11:15  Viking  
  98  11:24  Starport  
  98  11:32  Terran Ship Weapons Level 1  
  98  11:33  Marine  
  98  11:34  Marine  
  98  11:35  Viking  
  102  11:41  Terran Infantry Armor Level 2  
  102  11:50  Refinery  
  102  11:56  Supply Depot x4  
  102  11:58  Supply Depot  
  102  12:08  SCV x2, Viking x3  
  110  12:10  Marine x4  
  110  12:11  Marine x2  
  116  12:20  SCV  
  117  12:38  Viking  
  118  12:57  Marine  
  118  12:58  Marine x2, Viking  
  121  12:59  Viking  
  125  13:08  Viking  
  74  13:21  Marine x5  
  79  13:31  Viking x2  
  80  13:38  Viking  
  80  13:39  Marine  
  83  13:44  Command Center  
  77  14:00  Viking  
  65  14:03  Marine  
  65  14:04  Marine  
Show
View Real Time Build Order
Export as new Build Order

Michael Zerg 

Build Orders: Pool First 

Get SALT Encoding   

  12  0:01  Drone  
  13  0:12  Overlord  
  13  0:18  Drone  
  14  0:31  Drone x2  
  14  0:35  Drone  
  17  0:39  Extractor  
  16  0:45  Drone  
  17  0:52  Spawning Pool  
  16  1:01  Drone  
  17  1:08  Drone  
  18  1:29  Hatchery  
  17  1:39  Queen  
  19  1:47  Metabolic Boost  
  19  1:52  Zergling x2  
  20  1:56  Zergling x2  
  21  2:02  Overlord  
  21  2:20  Queen  
  23  2:36  Drone  
  23  2:37  Drone x2  
  26  2:46  Queen  
  26  2:47  Overlord  
  28  3:10  Roach Warren  
  27  3:13  Spine Crawler  
  27  3:14  Lair  
  26  3:20  Drone  
  26  3:21  Drone  
  28  3:32  Spore Crawler  
  28  3:33  Drone x2  
  29  3:39  Drone  
  29  3:40  Drone  
  31  3:44  Drone  
  31  3:47  Drone  
  33  3:54  Spine Crawler  
  32  3:59  Drone  
  33  4:06  Extractor  
  33  4:07  Drone  
  33  4:08  Drone  
  33  4:09  Evolution Chamber  
  33  4:12  Drone  
  33  4:13  Drone  
  33  4:15  Drone  
  36  4:18  Drone  
  36  4:21  Drone  
  36  4:23  Drone  
  39  4:30  Queen  
  41  4:39  Hydralisk Den  
  41  4:43  Spore Crawler  
  39  5:00  Spine Crawler  
  39  5:02  Overlord x3  
  39  5:03  Overlord, Spore Crawler  
  37  5:18  Muscular Augments  
  37  5:21  Zerg Ground Armor Level 1  
  37  5:23  Hydralisk x2  
  41  5:52  Hydralisk  
  41  5:53  Hydralisk  
  45  5:57  Drone  
  45  5:58  Drone x8  
  45  6:02  Extractor x2  
  52  6:05  Spore Crawler  
  52  6:07  Spore Crawler  
  52  6:09  Spore Crawler  
  49  6:14  Drone x3  
  52  6:28  Hatchery  
  51  6:35  Drone x3  
  51  6:36  Drone x2  
  51  6:38  Drone  
  57  6:53  Roach x4  
  65  7:06  Overseer x2  
  64  7:09  Hydralisk  
  64  7:12  Zergling x4  
  64  7:13  Overlord  
  64  7:14  Overlord x2  
  68  7:16  Overlord  
  68  7:31  Overlord x3  
  68  7:32  Overlord  
  67  7:44  Hydralisk x3  
  72  7:54  Roach x3  
  77  7:59  Queen  
  79  8:14  Hydralisk x4  
  81  8:32  Roach x6  
  81  8:37  Burrow  
  81  8:45  Spire  
  78  9:01  Grooved Spines  
  78  9:03  Zerg Missile Weapons Level 1  
  78  9:09  Infestation Pit  
  77  9:10  Drone x7  
  77  9:11  Drone  
  85  9:23  Hydralisk x3  
  93  9:31  Roach x2  
  93  9:33  Roach  
  97  9:49  Hive  
  97  9:57  Roach  
  97  9:58  Roach x2  
  103  10:01  Zergling x14  
  103  10:02  Zergling x4  
  103  10:05  Hydralisk  
  114  10:35  Hydralisk x7  
  113  10:49  Hydralisk x3  
  95  10:57  Drone  
  95  10:58  Drone  
  95  10:59  Drone x3  
  100  11:09  Corruptor x2  
  104  11:22  Queen  
  106  11:25  Hatchery  
  106  11:28  Corruptor x2, Spore Crawler  
  108  11:40  Greater Spire  
  108  11:42  Drone x5  
  108  11:45  Extractor  
  108  11:47  Extractor  
  111  11:51  Drone  
  111  11:52  Drone x6  
  118  11:58  Hydralisk  
  118  11:59  Overlord x3  
  118  12:00  Overlord  
  120  12:02  Overlord  
  120  12:19  Roach  
  120  12:20  Roach x7  
  99  12:56  Corruptor  
  99  12:57  Corruptor x6  
  102  13:24  Corruptor x2  
  102  13:25  Corruptor  
  104  13:28  Corruptor  
  106  13:37  Drone x2  
  106  13:40  Drone x6  
  114  13:52  Corruptor  
Tags
 
Add a new tag
Caveats
  • Supply blocks, unpowered buildings, or Contaminate may cause inaccurate times.
  • Supply counts are checked every 10 seconds.